 Dungeon Crawl Stone Soup version 0.17.0-24-gcfadda4 (webtiles) character file.

17551 inmateoo the Basher (level 12, -11/140 HPs)
             Began as an Ogre Wanderer on Nov 17, 2015.
             Was a High Priest of Elyvilon.
             Mangled by a white ugly thing (35 damage)
             ... on level 12 of the Dungeon.
             The game lasted 00:30:07 (17282 turns).

inmateoo the Basher (Ogre Wanderer)                Turns: 17282, Time: 00:30:09

Health: -11/140    AC: 10    Str: 26    XL:     12   Next: 49%
Magic:  24/24      EV: 11    Int: 16    God:    Elyvilon [*****.]
Gold:   691        SH:  0    Dex:  9    Spells: 1 memorised, 24 levels left

rFire  . . .     SeeInvis +     s - +4 giant spiked club
rCold  . . .     Clarity  .     A - +1 troll leather armour
rNeg   + . .     SustAt   .     (shield currently unavailable)
rPois  .         Gourm    .     (helmet restricted)
rElec  .         Spirit   .     w - +2 cloak
rCorr  .         Warding  .     (gloves unavailable)
rMut   .         Stasis   .     (boots unavailable)
MR     +....                    (no amulet)
Stlth  +.........               l - ring of wizardry
                                o - ring "Tiovan" {rN+ Int+3 SInv}

@: somewhat resistant to hostile enchantments, very unstealthy
A: unfitting armour, clever 1, robust 1, strong 1, tough skin 1
a: Lesser Healing, Heal Other, Purification, Greater Healing, Divine Vigour,
Divine Protection, Renounce Religion


You were on level 12 of the Dungeon.
You worshipped Elyvilon.
Elyvilon was extremely pleased with you.
You were hungry.

You visited 1 branch of the dungeon, and saw 12 of its levels.
You also visited: Ossuary.

You collected 691 gold pieces.

Inventory:

Hand Weapons
 a - a +3 mace
 s - a +4 giant spiked club (weapon)
 B - a +0 morningstar
 G - a +2 whip of electrocution
Missiles
 C - 4 throwing nets
 J - 10 large rocks (quivered)
Armour
 c - a +1 robe
 w - a +2 cloak (worn)
 A - a +1 troll leather armour (worn)
Jewellery
 l - a ring of wizardry (right hand)
 o - the ring "Tiovan" (left hand) {rN+ Int+3 SInv}
   (You found it on level 4 of the Dungeon)

   [ring of positive energy]

   It affects your intelligence (+3).
   It protects you from negative energy.
   It lets you see invisible.
Wands
 g - a wand of flame (5)
 n - a wand of enslavement (5)
 v - a wand of slowing (0)
 F - a wand of frost (25)
 H - a wand of polymorph (8)
 L - a wand of digging (20)
 M - a wand of fire (4)
Scrolls
 b - 4 scrolls of teleportation
 q - a scroll of identify
 u - a scroll of fear
 y - 3 scrolls of magic mapping
 D - a scroll of remove curse
 E - 2 scrolls of amnesia
Potions
 d - 3 potions of might
 e - 3 potions of cancellation
 h - 2 potions of invisibility
 i - a potion of magic
 j - 5 potions of flight
 m - 5 potions of curing
 p - 2 potions of agility
 r - 2 potions of lignification
 t - a potion of heal wounds
 x - a potion of berserk rage
 z - a potion of cure mutation
 I - a potion of haste {unknown}
Books
 N - a book of Maledictions

   Spells                             Type                      Level
   a - Corona                         Hexes                        1
   b - Ensorcelled Hibernation        Hexes/Ice                    2
   c - Confuse                        Hexes                        3
   d - Tukima's Dance                 Hexes                        3
   e - Dazzling Spray                 Conjuration/Hexes            3
Comestibles
 f - 8 meat rations
 k - 11 bread rations
 K - 8 beef jerkies


   Skills:
 + Level 10.7 Fighting
 * Level 14.2 Maces & Flails
   Level 1.0 Polearms
 + Level 8.2 Throwing
 + Level 5.5 Armour
 + Level 6.7 Dodging
 - Level 1.5 Stealth
   Level 1.0 Shields
 + Level 8.0 Spellcasting


You had 24 spell levels left.
You knew the following spells:

 Your Spells              Type           Power        Failure   Level  Hunger
a - Confuse               Hex            #.......     16%         3    ##.....


Dungeon Overview and Level Annotations

Branches:
Dungeon (12/15)            Temple (0/1) D:7            Lair (0/8) D:8
    Orc (0/4) D:11

Altars:
Cheibriados
Dithmenos
Elyvilon
Fedhas
Makhleb
Ru
Trog
Xom
The Shining One

Annotations:
D:5 1 exclusion


Innate Abilities, Weirdness & Mutations

You are too large for most types of armour.
You have tough skin (AC +1).
Your mind is acute. (Int +2)
You are robust (+10% HP).
Your muscles are strong. (Str +2)


Message History

You closely miss the white ugly thing.
The white ugly thing is moderately wounded.
The white ugly thing gores you. The white ugly thing freezes you!
The white ugly thing gores you! The white ugly thing freezes you!
You hit the white ugly thing.
The white ugly thing is moderately wounded.
The white ugly thing gores you! The white ugly thing freezes you!!
You puncture the white ugly thing!
The white ugly thing is heavily wounded.
The white ugly thing gores you!
* * * LOW HITPOINT WARNING * * *
The white ugly thing freezes you!! Elyvilon protects you from harm!
You sock the white ugly thing!
The white ugly thing is severely wounded.
You are feeling hungry.
The white ugly thing gores you!
* * * LOW HITPOINT WARNING * * *
The white ugly thing freezes you!!
You die...

#.#...........
........#.###.........
#.......#...#.........
#...?...#...#.........
#.......#...##'####...
+.......#.........###.
#.......#...........#.
#....u..#...........##
.####'@###.............
........................
...###..................
. ########...........
#.########.. #.# #.. #.#
#.. ## +.. #..


You could see a white ugly thing.

Vanquished Creatures
  Rupert (D:12)
  A hydra (D:11)
  Pikel (D:8)
  7 hill giants
  2 cyclopes (D:11)
  An ugly thing (D:11)
  A kobold demonologist (D:11)
  The ghost of inmateoo the Cudgeler, an amateur OgWr (D:4)
  2 trolls
  A two-headed ogre (D:11)
  2 slime creatures (D:12)
  A deep elf mage (D:10)
  Eustachio (D:4)
  A steam dragon (D:11)
  A wraith (D:8)
  A hungry ghost (D:11)
  4 yaks (D:11)
  A hippogriff (D:9)
  2 wargs (D:7)
  A water moccasin (D:6)
  A soldier ant (D:11)
  5 orc warriors
  A slave (D:8)
  A wasp (D:11)
  A black bear (D:9)
  3 ice beasts
  9 ogres
  4 sky beasts
  2 phantoms
  An elf zombie (Ossuary)
  5 centaurs
  2 big kobolds (D:11)
  A gnoll sergeant (D:7)
  5 giant frogs
  3 scorpions
  14 wights
  5 crimson imps
  3 hounds
  A quasit (D:7)
  4 centaur zombies (Ossuary)
  4 gnoll shamans (D:6)
  5 iguanas
  5 orc priests
  3 jellies
  3 centaur skeletons
  4 giant frog skeletons
  12 orc wizards
  8 worker ants
  A big kobold zombie (Ossuary)
  A hound zombie (D:10)
  2 mummies (Ossuary)
  34 gnolls
  15 adders
  3 shadow imps
  3 adder zombies (Ossuary)
  An ooze (D:5)
  3 adder skeletons
  4 worms
  48 orcs
  6 goblins
  7 hobgoblins
  19 kobolds
  7 quokkas
  2 ball pythons
  8 bats
  5 giant cockroaches
  A giant cockroach zombie (D:6)
  6 giant geckos
  2 giant gecko skeletons
  A giant newt (D:2)
  7 hobgoblin zombies (Ossuary)
  32 jackals
  12 kobold zombies (Ossuary)
  9 orc zombies (Ossuary)
  A quokka zombie (D:6)
  12 rats
400 creatures vanquished.

Vanquished Creatures (others)
  A hungry ghost (D:8)
  A slave (D:8)
  A big kobold (D:8)
  2 orcs
  2 kobolds (D:8)
7 creatures vanquished.

Grand Total: 407 creatures vanquished

Notes
Turn   | Place    | Note
--------------------------------------------------------------
     0 | D:1      | inmateoo the Ogre Wanderer began the quest for the Orb.
     0 | D:1      | inmateoo set off with: a +2 mace, 2 scrolls of teleportation, a +0 robe, a +0 dagger, a bread ration
     0 | D:1      | Reached XP level 1. HP: 19/19 MP: 1/1
    96 | D:1      | Reached skill level 3 in Maces & Flails
   205 | D:1      | Reached XP level 2. HP: 15/28 MP: 2/2
   897 | D:1      | Reached XP level 3. HP: 21/35 MP: 3/3
  1720 | D:2      | Found a faded altar to an unknown god.
  1727 | D:2      | Became a worshipper of Elyvilon the Healer
  1727 | D:2      | Reached * piety under Elyvilon
  1762 | D:2      | Reached skill level 4 in Maces & Flails
  2107 | D:2      | Reached XP level 4. HP: 24/44 MP: 4/4
  2279 | D:2      | Found a shadowy altar of Dithmenos.
  2775 | D:3      | Reached ** piety under Elyvilon
  3342 | D:3      | Reached skill level 5 in Maces & Flails
  3342 | D:3      | Reached XP level 5. HP: 32/53 MP: 5/5
  3808 | D:4      | Noticed an ogre
  3858 | D:4      | Got a steaming tin ring
  3859 | D:4      | Identified the ring "Tiovan" {rN+ Int+3 SInv} (You found it on level 4 of the Dungeon)
  4247 | D:4      | Reached skill level 1 in Spellcasting
  4525 | D:4      | Killed an ogre
  4525 | D:4      | Reached skill level 6 in Maces & Flails
  4525 | D:4      | Reached XP level 6. HP: 32/62 MP: 6/8
  4540 | D:4      | Noticed Eustachio
  4707 | D:4      | Killed Eustachio
  4707 | D:4      | Reached XP level 7. HP: 10/71 MP: 8/10
  5104 | D:4      | Found a burning altar of Makhleb.
  5104 | D:4      | Noticed a cacodemon
  5107 | D:4      | Noticed a smoke demon
  5107 | D:4      | Noticed a neqoxec
  5122 | D:4      | Noticed inmateoo's ghost (amateur OgWr)
  5187 | D:4      | Killed inmateoo's ghost
  5187 | D:4      | Reached skill level 5 in Fighting
  5187 | D:4      | Reached skill level 7 in Maces & Flails
  5562 | D:5      | Entered Level 5 of the Dungeon
  5598 | D:5      | Reached XP level 8. HP: 33/81 MP: 12/12
  6407 | D:5      | Gained mutation: You are robust (+10% HP). [mutagenic meat]
  6412 | D:5      | Gained mutation: Your mind is acute. (Int +2) [mutagenic meat]
  6413 | D:5      | Gained mutation: Your muscles are strong. (Str +2) [mutagenic meat]
  6528 | D:5      | Found a snail-covered altar of Cheibriados.
  6544 | D:5      | Reached skill level 8 in Maces & Flails
  6670 | D:5      | Reached skill level 1 in Armour
  7455 | D:6      | Found a sand-covered staircase.
  7459 | Ossuary  | Entered an ossuary
  8073 | Ossuary  | Reached skill level 5 in Throwing
  8313 | D:6      | Reached skill level 9 in Maces & Flails
  8313 | D:6      | Reached XP level 9. HP: 101/101 MP: 13/15
  8449 | D:6      | Found a shimmering altar of Xom.
  8489 | D:6      | Found a shimmering altar of Xom.
  8678 | D:6      | Reached *** piety under Elyvilon
 10825 | D:6      | Reached skill level 10 in Maces & Flails
 11418 | D:7      | Reached skill level 5 in Spellcasting
 11740 | D:7      | Reached XP level 10. HP: 66/114 MP: 17/17
 11920 | D:7      | Found a bloodstained altar of Trog.
 11920 | D:7      | Found a blossoming altar of Fedhas.
 11939 | D:7      | Found a staircase to the Ecumenical Temple.
 12285 | D:8      | Noticed Pikel
 12300 | D:8      | Killed Pikel
 12355 | D:8      | Reached skill level 11 in Maces & Flails
 12644 | D:8      | Found a sacrificial altar of Ru.
 13198 | D:8      | Found a staircase to the Lair.
 13270 | D:8      | Reached **** piety under Elyvilon
 14120 | D:9      | Reached skill level 5 in Dodging
 14384 | D:10     | Entered Level 10 of the Dungeon
 14384 | D:10     | Found a glowing golden altar of the Shining One.
 14470 | D:10     | Noticed a hill giant
 14620 | D:11     | Noticed a six-headed hydra
 14620 | D:11     | Noticed a cyclops
 14637 | D:10     | Killed a hill giant
 14637 | D:10     | Reached skill level 12 in Maces & Flails
 14637 | D:10     | Reached XP level 11. HP: 34/126 MP: 20/20
 14922 | D:10     | Noticed a hill giant
 14926 | D:10     | Killed a hill giant
 15347 | D:11     | Reached ***** piety under Elyvilon
 15348 | D:11     | Noticed a hill giant
 15354 | D:11     | Killed a hill giant
 15439 | D:11     | Noticed a cyclops
 15448 | D:11     | Killed a cyclops
 15466 | D:11     | Killed a cyclops
 15808 | D:11     | Noticed a hill giant
 15819 | D:11     | Killed a hill giant
 15830 | D:11     | Reached skill level 13 in Maces & Flails
 16032 | D:11     | Noticed a hill giant
 16039 | D:11     | Killed a hill giant
 16055 | D:11     | Reached skill level 5 in Armour
 16072 | D:11     | Noticed a cyan ugly thing
 16076 | D:11     | Killed a cyan ugly thing
 16076 | D:11     | Reached skill level 10 in Fighting
 16103 | D:11     | Killed a six-headed hydra
 16256 | D:11     | Found a staircase to the Orcish Mines.
 16390 | D:11     | Reached XP level 12. HP: 113/138 MP: 23/23
 16499 | D:12     | Noticed Rupert
 16513 | D:12     | Killed Rupert
 16609 | D:12     | Reached skill level 14 in Maces & Flails
 16710 | D:12     | Learned a level 3 spell: Confuse
 17281 | D:12     | Elyvilon protects you from harm!
 17282 | D:12     | Mangled by a white ugly thing

Action                   |  1- 3 |  4- 6 |  7- 9 | 10-12 || total
-------------------------+-------+-------+-------+-------++-------
Melee: Mace              |   137 |   112 |   471 |       ||   720
       Giant spiked club |       |     6 |    15 |   256 ||   277
       Giant club        |       |       |     1 |       ||     1
       Whip              |       |       |   216 |   318 ||   534
       Morningstar       |       |       |     1 |       ||     1
Throw: Throwing net      |       |       |     1 |       ||     1
       Large rock        |       |       |       |    24 ||    24
Invok: Lesser Healing    |     1 |       |       |       ||     1
Evoke: Wand              |       |       |    13 |       ||    13
  Use: Scroll            |     8 |     4 |    11 |    10 ||    33
       Potion            |       |       |     2 |     3 ||     5
 Stab: Sleeping          |       |     4 |     1 |     2 ||     7
       Distracted        |       |       |     1 |       ||     1
  Eat: Chunk             |     3 |     3 |    22 |    16 ||    44
       Bread ration      |     1 |       |       |     1 ||     2
       Fruit             |       |     1 |     3 |       ||     4
       Pizza             |       |       |     2 |     1 ||     3
       Beef jerky        |       |       |       |     1 ||     1
